AoeStats
← PanPixu

Arabia

504965185Analyzed
1v1 RM · 24d ago on Sep 7, 2026· 21m 39s· 2 players
Game mode
Random Map
Map size
Tiny (2 player)
Population
200
Speed
Normal
Resources
Standard
Victory
Conquest
Starting age
Dark Age
Ending age
Imperial Age
RankedLock teamsTeams togetherTeam positionsShared explorationLock speedFull tech treeHidden civsTurbo modeCheats
Victory
Defeat
🇨🇳 Spanish · China
873
+17
🇨🇿 Romans · Czechia
900
-17
就在
11:41 Feudal Age
13:25 Loom
14:55 Double-Bit Axe
18:34 Castle Age
PanPixu
8:25 Loom
10:36 Feudal Age
11:04 Man-at-Arms
14:34 Wheelbarrow
16:10 Scale Barding Armor
17:33 Fletching
17:53 Forging
18:49 Double-Bit Axe
18:46 Horse Collar
Connection lost

Rejoining the realm…

Still unreachable

The connection could not be restored.

Session expired

The server has moved on; the page needs a fresh start.